 Dungeon Crawl Stone Soup version 0.29-a0-994-gc5c9f59d18 (webtiles) character file.

Game seed: 7251818845315006730

476 jlumianski the Chopper (level 6, -6/70 HPs)
             Began as a Demonspawn Gladiator on Aug 4, 2022.
             Killed from afar by Dowan (8 damage)
             ... with a stone arrow
             ... on level 6 of the Dungeon.
             The game lasted 00:12:28 (3192 turns).

jlumianski the Chopper (Demonspawn Gladiator)       Turns: 3192, Time: 00:12:28

Health: -6/70      AC: 23    Str: 16    XL:     6   Next: 84%
Magic:  6/7        EV:  2    Int:  9    God:
Gold:   182        SH:  4    Dex: 15    Spells: 5/6 levels left

rFire   . . .      SeeInvis .   w - +0 hand axe (elec)
rCold   . . .      Faith    .   n - +0 buckler
rNeg    . . .      Spirit   .   (body armour currently unavailable)
rPois   +          Reflect  .   (helmet currently unavailable)
rElec   .          Harm     .   (cloak currently unavailable)
rCorr   .          Rampage  .   (gloves currently unavailable)
Will    .....      NoTele   +   (boots currently unavailable)
Stlth   +.........              (no amulet)
HPRegen 0.21/turn               (no ring)
MPRegen 0.10/turn               (no ring)

@: lethally poisoned (-6 -> -10), tree-form
A: stationary, stasis, torment immunity, boosted hp, (antennae 1), (molten
scales 2), demonic magic 2
a: no special abilities


You were on level 6 of the Dungeon.
You were a tree.
You visited 1 branch of the dungeon, and saw 5 of its levels.

You collected 182 gold pieces.

Inventory:

Hand Weapons
 a - a +1 war axe
 f - a +3 quarterstaff of chaos
 i - a +3 sling
 w - a +0 hand axe of electrocution (weapon)
Missiles
 h - 11 stones (quivered)
 m - a javelin
 v - a throwing net
Armour
 b - a +0 leather armour
 c - a +2 helmet
 k - a +1 helmet of intelligence
 n - a +0 buckler (worn)
 q - a +0 ring mail
 r - a +2 ring mail of willpower (melded)
 s - a +1 cloak of stealth (melded)
 t - a +0 scale mail
 x - a +0 scale mail
Wands
 p - a wand of flame (18)
Scrolls
 j - a scroll of noise
 l - a scroll of blinking {unknown}
 o - a scroll of teleportation {unknown}
Potions
 g - a potion of cancellation
 u - a potion of heal wounds


   Skills:
 + Level 3.0 Fighting
 + Level 5.1 Axes
 + Level 2.2 Throwing
 + Level 2.1 Armour
 + Level 3.5 Dodging
 + Level 0.1 Stealth
 + Level 1.1 Shields
 * Level 0.9 Spellcasting
 * Level 0.9 Conjurations


You had 5 spell levels left.
You knew the following spells:

 Your Spells              Type           Power      Damage    Failure   Level
a - Foxfire               Conj/Fire      4%         2x1d4     38%         1

Your spell library contained the following spells:

 Spells                   Type           Power      Damage    Failure   Level
 Conjure Flame            Conj/Fire      1%         6-21      77%         3
 Inner Flame              Hex/Fire       0%         N/A       83%         3
 Flame Wave               Conj/Fire      1%         2d4       99%         4


Dungeon Overview and Level Annotations

Branches:
Dungeon (4/15)
 Temple: D:4-7

Altars:

Annotations:
D:3 Grinder, Sigmund
D:6 Dowan


Innate Abilities, Weirdness & Mutations

You are a tree.
Your roots penetrate the ground, keeping you stationary.
You cannot be teleported.
You are immune to unholy pain and torment.
Your maximum health is greatly increased.
Your equipment is partially melded.
((You have a pair of small antennae on your head.))
((You are mostly covered in molten scales. (AC +3)))
Spells you cast may paralyse nearby enemies.


Message History

You hit the water moccasin.
The water moccasin is moderately wounded.
* * * LOW HITPOINT WARNING * * *
You feel very sick.
The water moccasin bites you but does no damage.
You block the water moccasin's attack. You block Dowan's attack.
You closely miss the water moccasin.
The water moccasin is moderately wounded.
You barely miss Dowan.
* * * LOW HITPOINT WARNING * * *
You feel sick. You block the water moccasin's attack.
Dowan hits you but does no damage.
You barely miss the water moccasin.
The water moccasin is moderately wounded.
You hit Dowan.
* * * LOW HITPOINT WARNING * * *
You feel sick. You block Dowan's attack.
The water moccasin bites you but does no damage.
Dowan hits you with a +0 dagger.
* * * LOW HITPOINT WARNING * * *
The water moccasin bites you but does no damage.
It was a potion of flight.
You feel very buoyant.
You fly up into the air.
* * * LOW HITPOINT WARNING * * *
You feel sick. Dowan hits you but does no damage.
The water moccasin bites you but does no damage.
Dowan casts a spell.
Dowan blinks!
The water moccasin bites you.
* * * LOW HITPOINT WARNING * * *
It was a potion of lignification.
You turn into a tree.
Your +1 cloak of stealth melds into your body.
Your +2 ring mail of willpower melds into your body.
You feel less stealthy.
You feel less strong-willed.
Your roots penetrate the ground.
* * * LOW HITPOINT WARNING * * *
You feel sick.
Dowan points at you and mumbles some strange words.
The stone arrow hits you!
You die...

.## # #...##.# #.
#########.#.##.##.##
#......##.#....#...#
#......##.#..#.#...#
###....(.##.#....#...
#.....e$.##.#.....#
#.....)..#........# ..
#....§♣..#........#....
#...###S.....#.....#
#.. #......##....# #.
#...#####....# # ##.##
#...#.. #.. ##..##..
###. ...# ### . ..#. .
..#.


You could see a water moccasin and Dowan (fast).

Vanquished Creatures
  Duvessa (D:6)
  2 hounds
  Crazy Yiuf (D:2)
  2 orc priests (D:4)
  Jessica (D:2)
  2 orc wizards
  Natasha (D:2)
  An iguana (D:4)
  4 adders
  4 worms (D:2)
  8 orcs
  4 endoplasms
  A giant cockroach (D:2)
  3 goblins
  3 hobgoblins
  4 kobolds
  3 quokkas
  4 ball pythons
  5 bats
  3 frilled lizards
  4 rats
61 creatures vanquished.

Notes
Turn   | Place    | Note
-------+----------+-------------------------------------------
     0 | D:1      | jlumianski the Demonspawn Gladiator began the quest for the
                  | Orb.
     0 | D:1      | Reached XP level 1. HP: 16/16 MP: 1/1
   231 | D:1      | Reached skill level 3 in Axes
   265 | D:1      | Gained mutation: You are partially covered in molten
                  | scales. (AC +2) [demonic ancestry]
   265 | D:1      | Reached XP level 2. HP: 18/22 MP: 2/2
   710 | D:1      | Found a faded altar of an unknown god.
  1024 | D:2      | Noticed Jessica
  1032 | D:2      | Killed Jessica
  1033 | D:2      | Gained mutation: Spells you cast may paralyse adjacent
                  | enemies. [demonic ancestry]
  1033 | D:2      | Reached XP level 3. HP: 24/27 MP: 3/3
  1167 | D:2      | Found a runed translucent door.
  1168 | D:2      | Noticed Crazy Yiuf
  1333 | D:2      | Gained mutation: You have a pair of small antennae on your
                  | head. [demonic ancestry]
  1333 | D:2      | Reached XP level 4. HP: 33/33 MP: 4/4
  1793 | D:2      | Noticed Natasha
  1804 | D:2      | Killed Natasha
  1805 | D:2      | Reached skill level 1 in Armour
  2039 | D:2      | Killed Crazy Yiuf
  2040 | D:2      | Reached skill level 4 in Axes
  2040 | D:2      | Gained mutation: You are mostly covered in molten scales.
                  | (AC +3) [demonic ancestry]
  2040 | D:2      | Reached XP level 5. HP: 33/39 MP: 5/5
  2145 | D:3      | Noticed Grinder
  2321 | D:3      | Noticed Sigmund
  2323 | D:3      | Identified the +4 quarterstaff of the Gloaming {vorpal,
                  | Int+4 SInv}
  2908 | D:4      | Gained mutation: Spells you cast may paralyse nearby
                  | enemies. [demonic ancestry]
  2908 | D:4      | Reached XP level 6. HP: 36/46 MP: 6/6
  2910 | D:4      | Learned a level 1 spell: Foxfire
  3088 | D:3      | Reached skill level 1 in Shields
  3145 | D:3      | You fall into a shaft and drop 3 floors!
  3166 | D:6      | Noticed Duvessa
  3169 | D:6      | Noticed Dowan
  3175 | D:6      | Noticed a water moccasin
  3185 | D:6      | Killed Duvessa
  3186 | D:6      | Reached skill level 5 in Axes
  3191 | D:6      | HP: 1/47 [water moccasin (3)]
  3192 | D:6      | Killed from afar by Dowan

Illustrated notes

Levels and vault maps discovered:
D:1:      giann_horns, layout_basic, shapermc_ecumenical_altar_flowoftime,
          chequers_serial_rivers_micro_a,
          nicolae_concentric_dashed_squares_mild, minmay_3d_cube
D:2:      layout_basic, hex_intersection, uniq_natasha, uniq_jessica,
          uniq_crazy_yiuf_cottage
D:3:      layout_basic, minmay_ruptured, uniq_grinder, uniq_sigmund
D:4:      layout_basic, makhleb_blood_cavern_becter, lemuel_temple_firewalk_b,
          uniq_edmund, uniq_pikel
D:6:      nicolae_cairo_tiling, layout_basic,
          mainiacjoe_overflow_surrounded_room, uniq_duvessa

Skill      XL: |  1  2  3  4  5  6 |
---------------+-------------------+-----
Axes           | 3 4 5 |  5.1
Dodging        | 3 |  3.5
Throwing       | 2 |  2.2
Armour         | 1 2 |  2.1
Shields        | 1 |  1.1
Fighting       | 3 |  3.0
Stealth        | |  0.1
Spellcasting   | |  0.9
Conjurations   | |  0.9

Action                   |  1- 3 |  4- 6 || total
-------------------------+-------+-------++-------
Melee: War axe           |    58 |   123 ||   181
       Hand axe          |       |    27 ||    27
Throw: Stone             |    10 |       ||    10
       Throwing net      |       |     3 ||     3
       Javelin           |       |     1 ||     1
Evoke: Wand              |       |     1 ||     1
  Use: Scroll            |     6 |     3 ||     9
       Potion            |       |     5 ||     5
Armor: Leather armour    |    28 |       ||    28
       Ring mail         |       |    85 ||    85
Dodge: Dodged            |    40 |    69 ||   109
Block: Buckler           |       |    23 ||    23

Table legend: (Time is in decaauts)
 A = Elapsed time spent in this place.
 B = Non-inter-level travel time spent in this place.
 C = Inter-level travel time spent in this place.
 D = Time resting spent in this place.
 E = Time spent auto-exploring this place.
 F = Levels seen in this place.
 G = Mean time per level.
                   A        B        C        D        E       F      G
               +--------+--------+--------+--------+--------+-----+--------+
         Total |   3259 |   3181 |     78 |    411 |   1593 |   5 |  651.8 |
       Dungeon |   3259 |   3181 |     78 |    411 |   1593 |   5 |  651.8 |
               +--------+--------+--------+--------+--------+-----+--------+

Top non-repeatable levels by time:
     D:2: 1193 daAuts
     D:1: 983 daAuts
     D:4: 750 daAuts
     D:3: 283 daAuts
     D:6: 49 daAuts
